 Dungeon Crawl Stone Soup version 0.27.1-16-g815e20cd7a (webtiles) character file.

Game seed: 13157175908998219970

683 styxcanada the Covert (level 7, -5/32 (36) HPs)
             Began as a Spriggan Brigand on Nov 21, 2021.
             Was an Initiate of Gozag.
             Slain by a wight (6 damage)
             ... on level 5 of the Dungeon on Nov 22, 2021.
             The game lasted 00:32:52 (8336 turns).

styxcanada the Covert (Spriggan Brigand)            Turns: 8336, Time: 00:32:53

HP:   -5/32 (36)    AC:  5    Str:  7      XL:     7   Next: 35%
MP:   0/8           EV: 20    Int: 11 (12) God:    Gozag
Gold: 247           SH:  0    Dex: 19      Spells: 7/7 levels left

rFire    . . .     SeeInvis +   a - +3 dagger
rCold    . . .     Faith    .   (shield restricted)
rNeg     . . .     Spirit   +   b - +0 robe
rPois    .         Reflect  .   (helmet restricted)
rElec    .         Harm     .   c - +2 cloak
rCorr    .         Rampage  .   (gloves unavailable)
Will     +....                  (boots unavailable)
Stlth    ++++......             h - amulet of guardian spirit
HPRegen  0.10/turn              (no ring)
MPRegen  0.11/turn              (no ring)

@: heavily drained, very quick
A: very small, no large weapons, unfitting armour, see invisible, speed 3
a: Renounce Religion, Potion Petition, Call Merchant, Bribe Branch


You were on level 5 of the Dungeon.
You worshipped Gozag.
Gozag was aware of your devotion.
You visited 2 branches of the dungeon, and saw 6 of its levels.
You also visited: Ossuary.

You collected 322 gold pieces.
You paid 75 gold pieces to Gozag.

Inventory:

Hand Weapons
 a - a +3 dagger (weapon)
Missiles
 i - 95 stones (quivered)
 u - 66 sling bullets
 v - 2 poisoned darts
Armour
 b - a +0 robe (worn)
 c - a +2 cloak (worn)
Jewellery
 h - an amulet of guardian spirit (around neck)
 m - a ring of ice
 n - a ring of ice
Wands
 d - a wand of digging (6)
 w - a wand of flame (10)
Scrolls
 j - 5 scrolls of amnesia
 p - 3 scrolls of teleportation
 t - 3 scrolls of enchant armour
Potions
 e - a potion of haste
 f - a potion of curing
 g - 2 potions of lignification
 k - a potion of resistance
 l - 2 potions of cancellation
 q - a potion of might
 r - a potion of flight


   Skills:
 * Level 3.0 Fighting
 + Level 4.3 Short Blades
 + Level 2.3 Throwing
 * Level 4.9 Dodging
 * Level 9.1 Stealth
 * Level 0.6 Spellcasting
 * Level 3.0 Evocations


You had 7 spell levels left.
You didn't know any spells.
Your spell library contained the following spells:

 Spells                   Type           Power      Damage    Failure   Level
 Gell's Gravitas          Tloc           0%         N/A       71%         3
 Lesser Beckoning         Tloc           0%         N/A       71%         3
 Teleport Other           Tloc           0%         N/A       71%         3


Dungeon Overview and Level Annotations

Branches:
Dungeon (5/15)             Temple (1/1) D:5         Ossuary (visited)

Altars:
Cheibriados
Dithmenos
Fedhas
Gozag
Kikubaaqudgha
Makhleb
Nemelex Xobeh
Sif Muna
Trog
Wu Jian
Yredelemnul


Innate Abilities, Weirdness & Mutations

You are very small and have problems with some larger weapons.
You are too small for most types of armour.
You have supernaturally acute eyesight. (SInv)
You cover ground extremely quickly. (Speed+++)


Message History

The stone hits the wight but does no damage.
You closely miss the wight. The wight misses you.
You barely miss the wight. You closely miss the wight.
The wight barely misses you.
You closely miss the wight. The wight completely misses you.
You hit the wight but do no damage. The wight misses you.
You hit the wight but do no damage. The wight misses you.
You hit the wight but do no damage. You hit the wight but do no damage.
The wight completely misses you.
You hit the wight but do no damage.
The wight hits you with a +0 dire flail.
You hit the wight.
The wight is lightly damaged.
The wight misses you.
You hit the wight but do no damage.
The wight is lightly damaged.
You hit the wight but do no damage.
The wight is lightly damaged.
The wight hits you with a +0 dire flail!
You hit the wight.
The wight is moderately damaged.
The wight closely misses you.
You barely miss the wight.
The wight is moderately damaged.
The wight misses you.
You closely miss the wight.
The wight is moderately damaged.
The wight misses you.
You closely miss the wight.
The wight is moderately damaged.
You hit the wight but do no damage.
The wight is moderately damaged.
The wight hits you with a +0 dire flail.
You hit the wight.
The wight is heavily damaged.
The wight hits you with a +0 dire flail!
* * * LOW HITPOINT WARNING * * *
You feel drained.
You die...
Your body crumbles into a pile of gold.

..#....#....#...........####.####
#)#)#'##....##..........##.......
......##....##.#######..##.#.####
#.#.####....##.# #..##.#.....
#.#.# #....# #..#..### ..#.#
#....# #..#..# ###.# #.... #
#..#..# #.# #.##########..#..#
###.# #..@z((..((...#..# ....#
############.##..### #####
#.....z.. #########


You could see a wight.

Vanquished Creatures
  3 elf zombies (Ossuary)
  A bullfrog (D:5)
  A wight (D:5)
  A howler monkey (D:4)
  2 hounds (D:5)
  An iguana (D:5)
  A hound zombie (D:5)
  3 mummies
  2 gnolls (D:5)
  5 adders
  An ufetubus (D:5)
  2 adder zombies (Ossuary)
  6 worms
  A dart slug (D:3)
  2 orcs
  2 bats
  4 endoplasms
  2 giant cockroaches
  7 hobgoblins
  12 jackals
  4 quokkas
  8 ball pythons
  2 frilled lizards
  10 goblins
  8 hobgoblin zombies (Ossuary)
  2 jackal zombies (Ossuary)
  7 kobolds
  9 kobold zombies (Ossuary)
  9 orc zombies (Ossuary)
  7 rats
  2 rat zombies (Ossuary)
127 creatures vanquished.

Vanquished Creatures (others)
  A plant (D:3)
1 creature vanquished.

Grand Total: 128 creatures vanquished

Notes
Turn   | Place    | Note
-------+----------+-------------------------------------------
     0 | D:1      | styxcanada the Spriggan Brigand began the quest for the
                  | Orb.
     0 | D:1      | Reached XP level 1. HP: 10/10 MP: 2/2
    45 | D:1      | Reached skill level 6 in Stealth
   198 | D:1      | Reached XP level 2. HP: 15/15 MP: 3/3
   921 | D:1      | Reached XP level 3. HP: 15/18 MP: 2/4
  1159 | D:2      | Reached skill level 7 in Stealth
  1709 | D:2      | Reached XP level 4. HP: 21/23 MP: 5/5
  2817 | D:3      | Found a faded altar of an unknown god.
  2985 | D:3      | Found an ornate altar of the Wu Jian Council.
  3066 | D:3      | Found a transporter.
  3067 | D:3      | Noticed a kobold demonologist
  3079 | D:3      | Found a transporter.
  3222 | D:3      | Found a burning altar of Makhleb.
  3515 | D:4      | Found a blossoming altar of Fedhas.
  3685 | D:4      | Reached XP level 5. HP: 26/26 MP: 6/6
  3885 | D:4      | Found a sand-covered staircase.
  3908 | Ossuary  | Entered an ossuary
  4026 | Ossuary  | Reached skill level 8 in Stealth
  4217 | Ossuary  | Reached skill level 1 in Evocations
  4446 | Ossuary  | Reached XP level 6. HP: 13/32 MP: 4/7
  5837 | D:5      | Entered Level 5 of the Dungeon
  5972 | D:5      | Found a shadowy altar of Dithmenos.
  6066 | D:5      | HP: 1/31 [wight (2)]
  6073 | D:5      | Found a staircase to the Ecumenical Temple.
  6086 | Temple   | Entered the Ecumenical Temple
  6117 | Temple   | Became a worshipper of Gozag Ym Sagoz the Greedy
  6714 | D:5      | Reached XP level 7. HP: 35/35 MP: 8/8
  6726 | D:5      | Reached skill level 9 in Stealth
  7005 | D:5      | HP: 1/35 [gnoll shaman (4)]
  8336 | D:5      | HP: 1/34 [wight (11)]
  8336 | D:5      | Slain by a wight

Illustrated notes

Levels and vault maps discovered:
D:1:      minmay_arrival_nine_rooms, layout_loops_ring
D:2:      layout_basic, serial_rivers, chequers_serial_rivers_micro_c,
          chequers_serial_rivers_room_b, chequers_serial_rivers_room_a,
          chequers_serial_rivers_micro_d, kennysheep_generic_room_16
D:3:      gammafunk_wand_slinger, layout_loops_ring, lemuel_tele_altar,
          mainiacjoe_overflow_alcove_2, chequers_ecumenical_altar_simple
D:4:      layout_basic, fedhas_ov_isle_minmay, gup_ossuary_entry_pyramid
D:5:      layout_basic, nicolae_dithmenos_shadow_blocks,
          minmay_temple_entry_sparse_star, glass_columns_a
Temple:   cyrus_temple_forest

Skill      XL: |  1  2  3  4  5  6  7 |
---------------+----------------------+-----
Stealth        | 6 7 8 9 |  9.1
Dodging        | 2 3 4 |  4.9
Fighting       | 2 3 |  3.0
Evocations     | 1 2 3 |  3.0
Short Blades   | 3 4 |  4.3
Throwing       | |  2.3
Spellcasting   | |  0.6

Action                   |  1- 3 |  4- 6 |  7- 9 || total
-------------------------+-------+-------+-------++-------
Melee: Dagger            |   124 |   383 |   108 ||   615
Throw: Dart              |     6 |    19 |    11 ||    36
       Stone             |       |       |    14 ||    14
Evoke: Wand              |       |    16 |       ||    16
  Use: Scroll            |       |    11 |     2 ||    13
       Potion            |       |     2 |     5 ||     7
 Stab: Sleeping          |    11 |    20 |     1 ||    32
       Distracted        |       |       |     1 ||     1
Armor: Robe              |    21 |    38 |    11 ||    70
Dodge: Dodged            |    92 |   214 |    72 ||   378
